 Dungeon Crawl Stone Soup version 0.31-a0-596-g831eee08f1 (webtiles) character file.

Game seed: 14816037354867047385

31 gruber the Caller (level 3, -5/19 HPs)
             Began as a Tengu Summoner on Aug 20, 2023.
             Slain by Terence
             ... wielding a +0 hand axe
              (8 damage)
             ... on level 1 of the Dungeon.
             The game lasted 00:01:26 (1323 turns).

gruber the Caller (Tengu Summoner)                  Turns: 1323, Time: 00:01:27

Health: -5/19      AC:  3    Str:  8    XL:     3   Next: 22%
Magic:  5/7        EV: 12    Int: 17    God:
Gold:   91         SH:  0    Dex: 14    Spells: 5/6 levels left

rFire   . . .        i - +1 short sword (drain)
rCold   . . .        (no shield)
rNeg    . . .        a - +0 robe
rPois   .            j - +1 hat
rElec   .            (no cloak)
rCorr   .            (no gloves)
SInv    .            (boots unavailable)
Will    .....        (no amulet)
Stlth   ++           (no ring)
HPRegen 0.23/turn    (no ring)
MPRegen 0.10/turn

%: no passive effects
@: no status effects
A: beak, talons 3
a: no special abilities


You were on level 1 of the Dungeon.
You visited 1 branch of the dungeon, and saw 2 of its levels.

You collected 91 gold pieces.

Inventory:

Hand Weapons
 c - a +0 dagger
 i - a +1 short sword of draining (weapon)
Missiles
 k - 4 poisoned darts
Armour
 a - a +0 robe (worn)
 j - a +1 hat (worn)
Magical Staves
 l - a staff of poison
Jewellery
 p - an amulet of magic regeneration
Scrolls
 d - a scroll of revelation {unknown}
 e - a scroll of teleportation {unknown}
 f - a scroll of identify {unknown}
 g - a scroll of immolation {unknown}
 n - a scroll of brand weapon {unknown}
 q - 2 scrolls of torment {unknown}
Potions
 b - a potion of magic
 h - a potion of resistance {unknown}
 m - 2 potions of degeneration {unknown}
 o - a potion of haste {unknown}
 r - a potion of curing {unknown}


   Skills:
 - Level 2.1 Dodging
 - Level 2.0 Stealth
 - Level 2.0 Spellcasting
 + Level 6.1 Summonings


You had 5 spell levels left.
You knew the following spells:

 Your Spells              Type           Power      Damage    Failure   Level
a - Summon Small Mammal   Summ           88%        N/A       1%          1

Your spell library contained the following spells:

 Spells                   Type           Power      Damage    Failure   Level
 Call Imp                 Summ           44%        N/A       2%          2
 Call Canine Familiar     Summ           22%        N/A       4%          3
 Summon Guardian Golem    Hex/Summ       12%        N/A       17%         3
 Cigotuvi's Dreadful Rot  Necr/Pois/Air  2%         N/A       28%         2
 Ignite Poison            Fire/Tmut/Pois 1%         N/A       50%         3
 Summon Lightning Spire   Summ/Air       12%        N/A       50%         4
 Freezing Cloud           Conj/Ice/Air   0%         6-21      99%         5


Dungeon Overview and Level Annotations

Branches:
Dungeon (2/15)

Altars:

Annotations:
D:1 Terence
D:2 Sigmund


Innate Abilities, Weirdness & Mutations

You have a beak for a mouth.
You have claws for feet.


Message History

Casting: Summon Small Mammal (safe; 1% risk of failure)
Confirm with . or Enter, or press ? or * to list all spells.
You don't know that spell.
Terence attacks as he pursues you! Terence barely misses you.
Terence attacks as he pursues you! Terence hits you with a +0 hand axe.
Sigmund casts a spell.
Sigmund flickers and vanishes!
Deactivating autopickup; reactivate with Ctrl-A.
Terence attacks as he pursues you! Terence hits you with a +0 hand axe.
Things that are here:
a +0 dagger; a goblin skeleton As you open the door, it creaks loudly!
Terence attacks as he pursues you! Terence hits you with a +0 hand axe.
There is an open door here.
Terence attacks as he pursues you! Terence hits you but does no damage.
There is a stone staircase leading up here.
Terence hits you with a +0 hand axe.
You climb upwards.
Reactivating autopickup.
There is a stone staircase leading down here.
Unknown command.
Unknown command.
Casting: Summon Small Mammal (safe; 1% risk of failure)
Confirm with . or Enter, or press ? or * to list all spells.
You don't know that spell.
Casting: Summon Small Mammal (safe; 1% risk of failure)
Confirm with . or Enter, or press ? or * to list all spells.
Terence closely misses you.
Terence hits your quokka with a +0 hand axe.
Unknown command.
Casting: Summon Small Mammal (safe; 1% risk of failure)
Confirm with . or Enter, or press ? or * to list all spells.
Terence hits you with a +0 hand axe!
* * * LOW HITPOINT WARNING * * *
Terence hits your quokka with a +0 hand axe.
Your quokka bites Terence.
Unknown command.
Unknown command.
You swap places.
Terence hits you with a +0 hand axe!
You die...

#...#.###.# #.###.#
#.# #†###.###.#
#.##...##.#
#.###.###.##
#.##.......#
#######.#####.####
#r@.......[.#.#...
#@###########.####
#r# #.# #.# #.# #.#
#.# #.# #.### ##.#
#...# #..# ###.#
#.############8..##
#.#................


You could see Terence (ally target) and 2 friendly quokkas.

Vanquished Creatures
  2 endoplasms
  A giant cockroach (D:1)
  A goblin (D:2)
  2 hobgoblins
  A quokka (D:2)
  A ball python (D:1)
  4 bats
  A frilled lizard (D:1)
  2 kobolds (D:1)
  2 rats (D:2)
17 creatures vanquished.

Vanquished Creatures (collateral kills)
  2 endoplasms (D:1)
  A goblin (D:1)
  3 hobgoblins
  A kobold (D:1)
  A quokka (D:1)
  2 bats (D:1)
10 creatures vanquished.

Grand Total: 27 creatures vanquished

Notes
Turn   | Place    | Note
-------+----------+-------------------------------------------
     0 | D:1      | gruber the Tengu Summoner began the quest for the Orb.
     0 | D:1      | Reached XP level 1. HP: 10/10 MP: 4/4
    75 | D:1      | Reached skill level 5 in Summonings
   171 | D:1      | Reached XP level 2. HP: 8/15 MP: 1/6
   815 | D:2      | Reached XP level 3. HP: 19/19 MP: 7/7
   900 | D:2      | Reached skill level 6 in Summonings
  1293 | D:2      | Noticed Sigmund
  1293 | D:2      | Noticed Terence
  1323 | D:1      | Slain by Terence

Illustrated notes

Levels and vault maps discovered:
D:1:      psy_arrival_basics, layout_basic, grunt_decor_fettered,
          minmay_pentomino_q4
D:2:      layout_loops_corners, uniq_sigmund, uniq_terence

Skill      XL: |  1  2  3 |
---------------+----------+-----
Summonings     | 5 6 |  6.1
Dodging        | |  2.1
Stealth        | |  2.0
Spellcasting   | |  2.0

Action                     || total
---------------------------++-------
  Melee: Unarmed           ||     5
         Dagger            ||    21
         Kick              ||    12
         Peck              ||     6
         Short sword       ||    16
   Cast: Summon Small Mamm ||    29
 Armour: Robe              ||    14
  Dodge: Dodged            ||    32

Table legend: (Time is in decaauts)
 A = Elapsed time spent in this place.
 B = Non-inter-level travel time spent in this place.
 C = Inter-level travel time spent in this place.
 D = Time resting spent in this place.
 E = Time spent auto-exploring this place.
 F = Levels seen in this place.
 G = Mean time per level.
                   A        B        C        D        E       F      G
               +--------+--------+--------+--------+--------+-----+--------+
         Total |   1322 |   1241 |     81 |      0 |   1015 |   2 |  661.0 |
       Dungeon |   1322 |   1241 |     81 |      0 |   1015 |   2 |  661.0 |
               +--------+--------+--------+--------+--------+-----+--------+

Top non-repeatable levels by time:
     D:1: 750 daAuts
     D:2: 571 daAuts
